General information
- name: BNet
- type: Ladder team game (AT/RT)
- host: Battle.net
- saver: iNT]DOGANDHORSE
map: SilverpineForest
- players: 6
- length: 137:53
- speed: Fast
- version: 1.26 W3XP
- replay type:

» download(906 KB)
Players
team 1 (winner)
bornintheUsA (
yellow | 70 APM | 9636 actions | 137:46)
8 Warden
3 Shadow Strike
3 Blink
1 Spirit of Vengeance
1 Fan of Knives
4 Pandaren Brewmaster
2 Breath of Fire
1 Drunken Haze
1 Drunken Brawler
3 Blood Mage
1 Summon Phoenix
1 Siphon Mana
1 Banish
» actions
| Assign group hotkey | 9 | |
| Basic commands | 181 | |
| Build / train | 73 | |
| ESC pressed | 7 | |
| Enter build submenu | 32 | |
| Enter hero's abilities submenu | 15 | |
| Give item / drop item | 37 | |
| Right click | 5892 | |
| Select / deselect | 861 | |
| Select group hotkey | 1739 | |
| Use ability | 784 | |
9636 total
» units
» upgrades
| Ultravision | 1 | |
| Well Spring | 1 | |
| Nature's Blessing | 1 | |
3 total
» buildings
| Altar of Elders | 3 | |
| Moon Well | 28 | |
| Tree of Ages | 1 | |
| Ancient of Wonders | 1 | |
| Hunter's Hall | 1 | |
| Tree of Life | 3 | |
| Tree of Eternity | 1 | |
38 total
» build order
00:07 Altar of Elders
00:09 Moon Well
02:50 Moon Well
05:25 Moon Well
05:26 Moon Well
06:23 Tree of Ages
07:42 Moon Well
07:44 Moon Well
07:47 Moon Well
07:49 Ancient of Wonders
07:50 Hunter's Hall
08:08 Tree of Life
08:56 Tree of Eternity
15:36 Moon Well
15:36 Moon Well
15:37 Moon Well
15:37 Moon Well
16:44 Altar of Elders
16:47 Moon Well
16:48 Moon Well
16:48 Moon Well
16:50 Moon Well
16:50 Moon Well
19:10 Tree of Life
20:37 Moon Well
20:37 Moon Well
26:40 Moon Well
26:40 Moon Well
26:41 Moon Well
26:43 Moon Well
26:44 Moon Well
26:46 Moon Well
36:05 Tree of Life
39:53 Altar of Elders
41:11 Moon Well
41:14 Moon Well
41:17 Moon Well
» items
| Staff of Teleportation | 2 | |
| Boots of Speed | 2 | |
| Orb of Venom | 1 | |
| Pendant of Mana | 1 | |
| Helm of Valor | 1 | |
| Potion of Healing | 1 | |
| Scroll of Town Portal | 1 | |
| Staff of Sanctuary | 2 | |
| Medallion of Courage | 1 | |
| Lesser Clarity Potion | 2 | |
| Orb of Lightning | 1 | |
15 total
iggy_the_fisk (
teal | 94 APM | 12900 actions | 137:46)
6 Archmage
3 Blizzard
3 Brilliance Aura
5 Blood Mage
3 Flame Strike
2 Siphon Mana
5 Mountain King
3 Storm Bolt
2 Bash
» actions
| Assign group hotkey | 722 | |
| Basic commands | 101 | |
| Build / train | 216 | |
| Enter build submenu | 151 | |
| Enter hero's abilities submenu | 16 | |
| Give item / drop item | 9 | |
| Remove unit from queue | 1 | |
| Right click | 6857 | |
| Select / deselect | 1259 | |
| Select group hotkey | 2938 | |
| Use ability | 626 | |
12900 total
» units
| Peasant | 32 | |
| Dragonhawk Rider | 25 | |
57 total
» upgrades
| Masonry | 3 | |
| Lumber Harvesting | 2 | |
| Magic Sentry | 1 | |
| Defend | 1 | |
| Swords | 3 | |
| Armor | 3 | |
| Animal War Training | 1 | |
| Cloud | 1 | |
15 total
» buildings
| Altar of Kings | 2 | |
| Farm | 13 | |
| Lumber Mill | 1 | |
| Scout Tower | 163 | |
| Arcane Tower | 12 | |
| Guard Tower | 85 | |
| Arcane Vault | 5 | |
| Keep | 1 | |
| Arcane Sanctum | 1 | |
| Castle | 1 | |
| Town Hall | 3 | |
| Gryphon Aviary | 1 | |
| Barracks | 1 | |
| Blacksmith | 2 | |
291 total
» build order
00:07 Altar of Kings
00:19 Farm
00:36 Lumber Mill
01:01 Farm
01:24 Scout Tower
01:48 Scout Tower
01:53 Arcane Tower
02:02 Scout Tower
02:05 Scout Tower
02:15 Scout Tower
02:17 Guard Tower
02:17 Guard Tower
02:17 Guard Tower
02:45 Guard Tower
02:47 Scout Tower
02:51 Arcane Tower
02:52 Scout Tower
03:07 Guard Tower
03:07 Guard Tower
03:07 Guard Tower
03:09 Scout Tower
03:15 Arcane Vault
03:21 Scout Tower
03:22 Scout Tower
03:23 Guard Tower
03:25 Guard Tower
03:28 Arcane Vault
03:29 Scout Tower
03:50 Guard Tower
03:51 Scout Tower
04:20 Guard Tower
05:04 Keep
05:06 Guard Tower
05:08 Scout Tower
05:19 Scout Tower
05:34 Scout Tower
05:35 Scout Tower
05:38 Farm
05:46 Scout Tower
05:46 Scout Tower
05:47 Scout Tower
06:03 Guard Tower
06:06 Scout Tower
06:08 Scout Tower
06:09 Scout Tower
06:09 Scout Tower
06:10 Scout Tower
06:49 Guard Tower
06:52 Scout Tower
06:53 Scout Tower
07:06 Scout Tower
07:07 Scout Tower
07:46 Guard Tower
07:57 Guard Tower
07:58 Scout Tower
08:06 Arcane Tower
08:06 Arcane Tower
08:06 Arcane Tower
08:14 Guard Tower
08:14 Guard Tower
08:14 Guard Tower
08:14 Guard Tower
08:17 Guard Tower
08:17 Guard Tower
08:17 Guard Tower
08:30 Guard Tower
08:32 Scout Tower
09:03 Guard Tower
09:05 Scout Tower
09:05 Scout Tower
09:15 Guard Tower
09:20 Arcane Sanctum
10:00 Guard Tower
10:01 Scout Tower
10:01 Scout Tower
10:04 Guard Tower
10:41 Scout Tower
10:41 Scout Tower
10:44 Castle
11:09 Guard Tower
11:10 Scout Tower
11:11 Scout Tower
11:37 Guard Tower
11:38 Scout Tower
11:39 Scout Tower
11:50 Town Hall
12:06 Guard Tower
12:10 Scout Tower
12:11 Scout Tower
12:30 Farm
12:42 Guard Tower
12:44 Scout Tower
12:44 Scout Tower
12:50 Guard Tower
12:50 Guard Tower
12:51 Guard Tower
12:51 Guard Tower
13:13 Guard Tower
13:16 Scout Tower
13:17 Scout Tower
13:18 Scout Tower
13:18 Scout Tower
13:19 Scout Tower
13:19 Scout Tower
13:30 Guard Tower
13:32 Scout Tower
13:32 Scout Tower
13:33 Scout Tower
13:34 Scout Tower
14:05 Guard Tower
14:37 Scout Tower
14:39 Scout Tower
14:40 Scout Tower
14:41 Scout Tower
15:06 Guard Tower
15:16 Scout Tower
15:17 Scout Tower
15:18 Guard Tower
15:19 Guard Tower
15:31 Guard Tower
15:38 Scout Tower
15:39 Scout Tower
15:39 Scout Tower
15:40 Scout Tower
15:48 Guard Tower
16:01 Guard Tower
16:02 Scout Tower
16:03 Scout Tower
16:06 Scout Tower
16:07 Scout Tower
16:08 Scout Tower
16:11 Scout Tower
16:12 Scout Tower
16:13 Guard Tower
16:25 Guard Tower
16:26 Scout Tower
16:26 Scout Tower
16:42 Guard Tower
16:57 Scout Tower
16:58 Scout Tower
17:00 Guard Tower
17:15 Guard Tower
17:41 Arcane Vault
17:43 Guard Tower
17:45 Scout Tower
17:46 Scout Tower
17:50 Scout Tower
17:52 Scout Tower
17:54 Scout Tower
18:18 Guard Tower
18:20 Scout Tower
18:21 Scout Tower
18:46 Arcane Tower
18:49 Guard Tower
18:51 Arcane Vault
18:54 Scout Tower
18:55 Scout Tower
18:56 Scout Tower
19:01 Scout Tower
19:02 Scout Tower
19:37 Arcane Tower
19:39 Guard Tower
19:47 Scout Tower
19:47 Scout Tower
19:48 Scout Tower
19:49 Scout Tower
20:00 Scout Tower
20:01 Scout Tower
20:03 Scout Tower
20:29 Guard Tower
20:31 Scout Tower
20:34 Scout Tower
20:35 Scout Tower
20:36 Scout Tower
20:40 Scout Tower
20:41 Guard Tower
20:45 Scout Tower
20:46 Scout Tower
20:47 Guard Tower
20:49 Scout Tower
20:50 Scout Tower
20:50 Scout Tower
20:51 Scout Tower
20:52 Scout Tower
20:52 Scout Tower
20:53 Scout Tower
20:54 Scout Tower
21:04 Scout Tower
21:05 Scout Tower
21:06 Guard Tower
21:57 Guard Tower
22:01 Town Hall
22:04 Guard Tower
22:26 Guard Tower
22:31 Scout Tower
22:32 Scout Tower
22:32 Scout Tower
22:42 Guard Tower
23:01 Guard Tower
23:59 Scout Tower
24:00 Scout Tower
24:02 Scout Tower
24:02 Scout Tower
24:03 Scout Tower
24:03 Scout Tower
24:19 Guard Tower
24:23 Scout Tower
24:23 Scout Tower
24:24 Scout Tower
24:26 Scout Tower
24:26 Scout Tower
24:27 Scout Tower
24:38 Guard Tower
24:40 Scout Tower
24:41 Scout Tower
24:43 Guard Tower
24:44 Arcane Vault
24:45 Scout Tower
25:31 Guard Tower
25:34 Scout Tower
25:34 Scout Tower
25:36 Guard Tower
25:41 Scout Tower
25:42 Scout Tower
25:44 Scout Tower
25:45 Scout Tower
25:47 Guard Tower
25:49 Scout Tower
25:49 Scout Tower
26:19 Guard Tower
26:20 Scout Tower
26:49 Guard Tower
27:58 Scout Tower
27:59 Scout Tower
28:00 Scout Tower
28:05 Guard Tower
28:19 Altar of Kings
28:28 Scout Tower
28:30 Scout Tower
30:06 Guard Tower
34:55 Gryphon Aviary
34:56 Barracks
34:58 Blacksmith
37:41 Blacksmith
37:43 Farm
37:43 Farm
37:44 Farm
37:45 Farm
37:45 Farm
37:46 Farm
40:59 Scout Tower
41:00 Scout Tower
41:02 Scout Tower
41:03 Scout Tower
41:24 Scout Tower
42:06 Scout Tower
42:10 Scout Tower
42:12 Scout Tower
42:14 Guard Tower
42:18 Scout Tower
42:21 Scout Tower
42:22 Scout Tower
42:23 Guard Tower
42:48 Farm
42:49 Farm
43:05 Guard Tower
43:07 Scout Tower
43:08 Scout Tower
43:12 Scout Tower
43:13 Scout Tower
43:15 Guard Tower
43:17 Scout Tower
43:19 Scout Tower
43:38 Scout Tower
43:39 Guard Tower
45:23 Guard Tower
48:03 Scout Tower
49:02 Town Hall
50:29 Arcane Tower
54:02 Farm
54:58 Scout Tower
57:35 Guard Tower
» items
| Healing Salve | 3 | |
| Boots of Speed | 3 | |
| Staff of Teleportation | 3 | |
| Scroll of Regeneration | 5 | |
| Scroll of Town Portal | 4 | |
| Staff of Sanctuary | 3 | |
| Potion of Healing | 1 | |
| Orb of Lightning | 3 | |
25 total
iNT]DOGANDHORSE (
green | 73 APM | 10083 actions | 137:53)
9 Blademaster
3 Wind Walk
3 Critical Strike
1 Bladestorm
2 Mirror Image
» actions
| Assign group hotkey | 34 | |
| Basic commands | 109 | |
| Build / train | 168 | |
| Enter build submenu | 103 | |
| Enter hero's abilities submenu | 9 | |
| Give item / drop item | 51 | |
| Remove unit from queue | 2 | |
| Right click | 6806 | |
| Select / deselect | 1101 | |
| Select group hotkey | 1187 | |
| Use ability | 506 | |
10083 total
» units
| Peon | 26 | |
| Troll Batrider | 51 | |
| Goblin Zeppelin | 4 | |
| Troll Witch Doctor | 2 | |
| Shaman | 2 | |
| Spirit Walker | 1 | |
| Raider | 2 | |
| Kodo Beast | 1 | |
| Wind Rider | 6 | |
95 total
» upgrades
| Ranged Weapons | 3 | |
| Liquid Fire | 1 | |
| Reinforced Defenses | 1 | |
| Spiked Barricades | 2 | |
| Troll Regeneration | 1 | |
| Armor | 3 | |
| Witch Doctor Training | 2 | |
| Shaman Training | 2 | |
| Spirit Walker Training | 2 | |
| Ensnare | 1 | |
| War Drums Damage Increase | 1 | |
| Envenomed Spears | 1 | |
20 total
» buildings
| Altar of Storms | 1 | |
| Orc Burrow | 10 | |
| War Mill | 1 | |
| Voodoo Lounge | 5 | |
| Stronghold | 1 | |
| Watch Tower | 92 | |
| Fortress | 1 | |
| Beastiary | 2 | |
| Barracks | 1 | |
| Great Hall | 1 | |
| Spirit Lodge | 1 | |
116 total
» build order
00:07 Altar of Storms
00:18 Orc Burrow
00:35 War Mill
01:19 Voodoo Lounge
02:53 Stronghold
02:59 Watch Tower
03:03 Watch Tower
03:03 Watch Tower
03:51 Orc Burrow
03:53 Orc Burrow
04:47 Watch Tower
04:48 Watch Tower
05:51 Watch Tower
05:52 Watch Tower
06:53 Watch Tower
06:55 Fortress
07:01 Beastiary
07:03 Beastiary
07:57 Watch Tower
08:23 Orc Burrow
09:05 Watch Tower
09:05 Watch Tower
10:29 Watch Tower
10:31 Watch Tower
11:36 Watch Tower
11:39 Watch Tower
12:46 Watch Tower
12:48 Watch Tower
14:29 Watch Tower
16:59 Watch Tower
17:00 Watch Tower
17:00 Watch Tower
20:11 Watch Tower
20:12 Watch Tower
20:41 Barracks
20:55 Watch Tower
22:20 Watch Tower
22:21 Watch Tower
22:36 Watch Tower
22:37 Watch Tower
22:38 Watch Tower
22:49 Great Hall
23:05 Voodoo Lounge
23:07 Voodoo Lounge
23:33 Watch Tower
23:33 Watch Tower
23:34 Watch Tower
24:47 Watch Tower
24:48 Watch Tower
24:49 Watch Tower
24:49 Watch Tower
25:29 Watch Tower
25:43 Watch Tower
26:28 Watch Tower
26:29 Watch Tower
26:29 Watch Tower
26:30 Watch Tower
26:38 Spirit Lodge
27:01 Watch Tower
27:02 Watch Tower
27:05 Watch Tower
27:05 Watch Tower
27:25 Voodoo Lounge
31:22 Watch Tower
31:23 Watch Tower
31:24 Watch Tower
31:25 Watch Tower
31:26 Watch Tower
31:26 Watch Tower
32:43 Watch Tower
32:43 Watch Tower
32:45 Watch Tower
32:46 Watch Tower
32:48 Watch Tower
33:46 Watch Tower
33:47 Watch Tower
34:21 Watch Tower
34:22 Watch Tower
34:23 Watch Tower
34:23 Watch Tower
38:03 Orc Burrow
38:04 Orc Burrow
38:05 Orc Burrow
38:07 Orc Burrow
39:21 Watch Tower
39:21 Watch Tower
39:38 Watch Tower
40:00 Watch Tower
40:23 Watch Tower
40:33 Watch Tower
41:21 Watch Tower
42:31 Watch Tower
42:45 Watch Tower
42:46 Watch Tower
42:47 Watch Tower
43:11 Watch Tower
43:16 Watch Tower
44:57 Watch Tower
44:59 Watch Tower
45:36 Watch Tower
45:36 Watch Tower
46:19 Voodoo Lounge
46:39 Watch Tower
46:40 Watch Tower
47:44 Watch Tower
47:44 Watch Tower
48:14 Watch Tower
48:44 Watch Tower
49:58 Watch Tower
49:59 Watch Tower
52:15 Watch Tower
52:15 Watch Tower
52:19 Watch Tower
52:20 Watch Tower
59:58 Orc Burrow
60:04 Orc Burrow
» items
| Healing Salve | 10 | |
| Lesser Clarity Potion | 20 | |
| Boots of Speed | 1 | |
| Staff of Teleportation | 1 | |
| Orb of Lightning | 2 | |
| Helm of Valor | 1 | |
| Claws of Attack +12 | 1 | |
| Amulet of Spell Shield | 1 | |
37 total
team 2 (loser)
redlights. (
orange | 116 APM | 15982 actions | 137:46)
6 Demon Hunter
3 Mana Burn
2 Evasion
1 Metamorphosis
5 Priestess of the Moon
3 Trueshot Aura
1 Scout
1 Searing Arrows
» actions
| Assign group hotkey | 1040 | |
| Basic commands | 1864 | |
| Build / train | 236 | |
| ESC pressed | 13 | |
| Enter build submenu | 66 | |
| Enter hero's abilities submenu | 12 | |
| Give item / drop item | 4 | |
| Remove unit from queue | 3 | |
| Right click | 7626 | |
| Select / deselect | 1803 | |
| Select group hotkey | 2495 | |
| Use ability | 819 | |
15982 total
» units
| Wisp | 51 | |
| Archer | 4 | |
| Dryad | 15 | |
| Druid of the Claw | 30 | |
| Huntress | 3 | |
| Glaive Thrower | 33 | |
136 total
» upgrades
| Ultravision | 1 | |
| Abolish Magic | 1 | |
| Druid of the Claw Training | 2 | |
| Strength of the Wild | 3 | |
| Reinforced Hides | 3 | |
| Mark of the Claw | 1 | |
| Nature's Blessing | 1 | |
| Vorpal Blades | 1 | |
| Strength of the Moon | 3 | |
| Moon Armor | 3 | |
| Well Spring | 1 | |
20 total
» buildings
| Altar of Elders | 1 | |
| Moon Well | 9 | |
| Ancient of War | 1 | |
| Tree of Ages | 6 | |
| Hunter's Hall | 1 | |
| Ancient of Lore | 2 | |
| Tree of Eternity | 2 | |
| Tree of Life | 4 | |
| Ancient Protector | 25 | |
| Ancient of Wind | 1 | |
52 total
» build order
00:05 Altar of Elders
00:16 Moon Well
01:19 Ancient of War
01:38 Moon Well
02:23 Tree of Ages
02:23 Tree of Ages
02:23 Tree of Ages
02:24 Tree of Ages
02:56 Moon Well
03:38 Hunter's Hall
05:10 Ancient of Lore
05:12 Ancient of Lore
05:16 Moon Well
05:16 Moon Well
05:18 Moon Well
07:45 Tree of Eternity
07:46 Tree of Eternity
09:17 Moon Well
09:44 Moon Well
13:14 Tree of Life
17:44 Tree of Life
19:46 Tree of Life
24:13 Ancient Protector
24:16 Ancient Protector
24:27 Ancient Protector
25:49 Ancient Protector
30:13 Moon Well
48:02 Tree of Life
54:41 Ancient Protector
96:35 Ancient of Wind
98:31 Ancient Protector
98:32 Ancient Protector
98:35 Ancient Protector
98:38 Ancient Protector
100:57 Ancient Protector
101:01 Ancient Protector
101:03 Ancient Protector
101:04 Ancient Protector
101:08 Ancient Protector
101:10 Ancient Protector
101:18 Ancient Protector
101:19 Ancient Protector
101:27 Ancient Protector
101:28 Ancient Protector
101:31 Ancient Protector
105:33 Ancient Protector
106:00 Ancient Protector
106:05 Ancient Protector
106:15 Ancient Protector
106:18 Ancient Protector
» items
| Boots of Speed | 6 | |
| Scroll of Healing | 3 | |
| Potion of Lesser Invulnerability | 2 | |
| Scroll of Protection | 4 | |
| Scroll of Town Portal | 1 | |
16 total
Sid(TB) (
pink | 70 APM | 9609 actions | 137:46)
6 Crypt Lord
3 Carrion Beetles
1 Impale
1 Spiked Carapace
1 Locust Swarm
5 Death Knight
3 Death Coil
2 Unholy Aura
5 Lich
3 Frost Nova
2 Dark Ritual
» actions
| Assign group hotkey | 501 | |
| Basic commands | 776 | |
| Build / train | 162 | |
| ESC pressed | 25 | |
| Enter build submenu | 60 | |
| Enter hero's abilities submenu | 17 | |
| Give item / drop item | 5 | |
| Remove unit from queue | 4 | |
| Right click | 2684 | |
| Select / deselect | 927 | |
| Select group hotkey | 4102 | |
| Use ability | 346 | |
9609 total
» units
| Acolyte | 31 | |
| Ghoul | 4 | |
| Crypt Fiend | 19 | |
| Obsidian Statue | 7 | |
| Frost Wyrm | 23 | |
| Meatwagon | 6 | |
| Necromancer | 2 | |
| Goblin Zeppelin | 2 | |
94 total
» upgrades
| Creature Attack | 3 | |
| Burrow | 1 | |
| Web | 1 | |
| Freezing Breath | 1 | |
| Creature Carapace | 3 | |
| Exhume Corpses | 1 | |
| Necromancer Training | 2 | |
| Skeletal Longevity | 1 | |
| Skeletal Mastery | 1 | |
14 total
» buildings
| Altar of Darkness | 1 | |
| Ziggurat | 28 | |
| Crypt | 2 | |
| Graveyard | 2 | |
| Tomb of Relics | 1 | |
| Nerubian Tower | 4 | |
| Halls of the Dead | 1 | |
| Slaughterhouse | 2 | |
| Black Citadel | 2 | |
| Sacrificial Pit | 1 | |
| Boneyard | 4 | |
| Spirit Tower | 16 | |
| Necropolis | 2 | |
| Temple of the Damned | 2 | |
68 total
» build order
00:14 Altar of Darkness
00:17 Ziggurat
00:36 Crypt
00:40 Crypt
01:05 Graveyard
01:39 Tomb of Relics
01:52 Ziggurat
02:39 Nerubian Tower
03:52 Halls of the Dead
05:32 Ziggurat
05:33 Ziggurat
05:34 Ziggurat
06:28 Slaughterhouse
06:30 Black Citadel
06:30 Black Citadel
07:59 Sacrificial Pit
09:30 Boneyard
09:31 Boneyard
10:50 Ziggurat
10:51 Ziggurat
11:37 Ziggurat
11:38 Ziggurat
12:27 Spirit Tower
13:51 Ziggurat
14:32 Spirit Tower
14:34 Spirit Tower
14:48 Spirit Tower
17:07 Ziggurat
17:08 Ziggurat
18:04 Spirit Tower
18:06 Spirit Tower
20:32 Ziggurat
20:33 Ziggurat
20:34 Ziggurat
22:03 Nerubian Tower
22:04 Spirit Tower
24:13 Ziggurat
25:38 Ziggurat
25:39 Ziggurat
25:41 Ziggurat
25:45 Ziggurat
26:35 Nerubian Tower
26:37 Spirit Tower
26:39 Ziggurat
28:40 Spirit Tower
28:48 Boneyard
28:49 Boneyard
29:01 Necropolis
29:48 Necropolis
31:47 Ziggurat
31:49 Ziggurat
32:01 Ziggurat
32:09 Ziggurat
32:43 Spirit Tower
32:53 Nerubian Tower
33:00 Spirit Tower
37:23 Ziggurat
37:28 Ziggurat
37:29 Ziggurat
38:20 Spirit Tower
38:30 Spirit Tower
38:30 Spirit Tower
38:31 Spirit Tower
46:36 Temple of the Damned
46:38 Temple of the Damned
46:42 Slaughterhouse
77:41 Graveyard
90:14 Spirit Tower
» items
| Rod of Necromancy | 1 | |
| Orb of Corruption | 2 | |
| Scroll of Town Portal | 2 | |
| Dust of Appearance | 1 | |
6 total
Talquolein (
red | 28 APM | 3914 actions | 137:46)
3 Paladin
2 Divine Shield
1 Holy Light
1 Archmage
1 Brilliance Aura
» actions
| Assign group hotkey | 28 | |
| Basic commands | 300 | |
| Build / train | 117 | |
| ESC pressed | 3 | |
| Enter build submenu | 27 | |
| Enter hero's abilities submenu | 6 | |
| Give item / drop item | 1 | |
| Right click | 2248 | |
| Select / deselect | 984 | |
| Select group hotkey | 96 | |
| Use ability | 104 | |
3914 total
» units
| Peasant | 19 | |
| Footman | 2 | |
| Rifleman | 34 | |
| Priest | 23 | |
| Gryphon Rider | 1 | |
79 total
» upgrades
| Masonry | 3 | |
| Gunpowder | 3 | |
| Priest Training | 2 | |
| Magic Sentry | 1 | |
| Long Rifles | 1 | |
| Armor | 3 | |
13 total
» buildings
| Altar of Kings | 1 | |
| Lumber Mill | 2 | |
| Barracks | 1 | |
| Farm | 13 | |
| Blacksmith | 1 | |
| Keep | 3 | |
| Scout Tower | 14 | |
| Arcane Sanctum | 1 | |
| Guard Tower | 10 | |
| Arcane Tower | 4 | |
| Castle | 2 | |
| Town Hall | 2 | |
| Gryphon Aviary | 1 | |
55 total
» build order
00:15 Altar of Kings
00:54 Lumber Mill
01:20 Barracks
01:35 Farm
01:52 Farm
01:54 Farm
04:01 Blacksmith
04:26 Keep
04:49 Farm
04:53 Farm
06:24 Scout Tower
06:25 Scout Tower
06:26 Scout Tower
06:58 Arcane Sanctum
07:30 Guard Tower
07:33 Guard Tower
07:55 Farm
07:57 Farm
07:58 Farm
09:02 Arcane Tower
10:39 Lumber Mill
10:45 Castle
14:32 Farm
14:34 Farm
14:35 Farm
16:57 Town Hall
18:19 Keep
18:32 Farm
18:33 Farm
22:57 Castle
29:23 Town Hall
35:12 Gryphon Aviary
35:31 Keep
40:14 Scout Tower
40:16 Scout Tower
40:18 Scout Tower
40:25 Scout Tower
40:27 Scout Tower
40:28 Scout Tower
41:10 Guard Tower
41:11 Guard Tower
41:14 Guard Tower
41:48 Guard Tower
42:09 Guard Tower
42:11 Guard Tower
42:34 Scout Tower
43:21 Scout Tower
45:12 Guard Tower
45:28 Guard Tower
59:38 Scout Tower
59:53 Scout Tower
60:21 Arcane Tower
60:42 Arcane Tower
61:48 Scout Tower
62:22 Arcane Tower
Chat log
(00:25 / All) redlights.: gl
(00:31 / All) iggy_the_fisk: hey let's have a good game
(00:36 / All) redlights.: you too bro
(00:38 / All) redlights.: you too
(00:42 / All) iggy_the_fisk: last game
(00:45 / All) iggy_the_fisk: stupid
(00:49 / All) iggy_the_fisk: noobs just made tower :P
(00:50 / All) redlights.: got trolled?
(00:52 / All) redlights.: aha nice
(00:56 / All) bornintheUsA: no :[
(00:59 / All) bornintheUsA: not nice. ...
(01:00 / All) iNT]DOGANDHORSE: fuckinG
(01:01 / All) iNT]DOGANDHORSE: TOWERS
(04:29 / All) iNT]DOGANDHORSE: THANKS
(12:26 / All) iNT]DOGANDHORSE: >: - )
(15:44 / All) iNT]DOGANDHORSE: TP TO RED
(15:46 / All) iNT]DOGANDHORSE: TP TO RED
(15:51 / All) iNT]DOGANDHORSE: TP TO RED
(15:52 / All) iNT]DOGANDHORSE: TP TO RED
(15:53 / All) iNT]DOGANDHORSE: TP TO RED
(16:15 / All) iNT]DOGANDHORSE: ok
(16:16 / All) iNT]DOGANDHORSE: or not
(17:27 / All) iNT]DOGANDHORSE: TP TO ORANGE EXPO
(17:29 / All) iNT]DOGANDHORSE: TP TO ORANGE EXPO
(17:32 / All) iNT]DOGANDHORSE: TP TO ORANGE EXPO
(17:41 / All) iNT]DOGANDHORSE: ok. .. .
(18:34 / All) iNT]DOGANDHORSE: dh gonna die
(18:35 / All) iNT]DOGANDHORSE: now
(18:46 / All) iNT]DOGANDHORSE: hehehehehe.....
(21:51 / All) iNT]DOGANDHORSE: 2 towers lost....
(23:02 / Allies) bornintheUsA: iggy you sound like a robot!!
(23:36 / All) iNT]DOGANDHORSE: do you know
(23:42 / All) iNT]DOGANDHORSE: the led zeppelin song
(23:45 / All) iNT]DOGANDHORSE: "all of my lum"
(23:48 / All) iNT]DOGANDHORSE: from "presence"
(26:52 / Allies) iggy_the_fisk: well sorry!!!
(28:29 / All) redlights.: just leave
(28:32 / All) iNT]DOGANDHORSE: ok. ... .
(28:33 / All) redlights.: you're terrible
(29:44 / All) iNT]DOGANDHORSE: im never leave...
(41:13 / All) redlights.: thx
(45:34 / All) iggy_the_fisk: thx
(50:55 / All) iNT]DOGANDHORSE: lOL
(51:51 / All) iggy_the_fisk: wow..
(53:35 / All) iNT]DOGANDHORSE: lol??
(58:25 / All) iNT]DOGANDHORSE: im out of gold
(58:26 / All) iNT]DOGANDHORSE: damn
(60:45 / All) iggy_the_fisk: you're fucking lucky
(60:47 / All) iggy_the_fisk: this game lagged
(60:52 / All) iNT]DOGANDHORSE: FUCKING
(60:52 / All) iNT]DOGANDHORSE: TOWERS
(60:55 / All) bornintheUsA: lucker ud pick fags..
(63:37 / All) iggy_the_fisk: why does selling towers
(63:39 / All) iggy_the_fisk: not give gold?
(63:51 / All) redlights.: yes it does
(64:52 / All) iggy_the_fisk: lol imba dragon fuck off
(65:30 / All) bornintheUsA: fuck u faggies
(66:39 / All) bornintheUsA: cya
(66:41 / All) bornintheUsA: drop
(66:42 / All) bornintheUsA: drop
(66:42 / All) bornintheUsA: drop
(66:43 / All) bornintheUsA: drop
(66:43 / All) iNT]DOGANDHORSE: gg.........not
(66:44 / All) bornintheUsA: drop
(66:44 / All) bornintheUsA: drop
(66:45 / All) iNT]DOGANDHORSE: bad game
(66:45 / All) bornintheUsA: drop
(66:45 / All) bornintheUsA: Dro
(66:46 / All) bornintheUsA: drop
(66:47 / All) iNT]DOGANDHORSE: fuck u
(66:47 / All) redlights.: leave now
(66:48 / All) iNT]DOGANDHORSE: fuck u
(66:49 / All) iNT]DOGANDHORSE: fuck u
(66:49 / All) iNT]DOGANDHORSE: fuck u
(66:50 / All) iNT]DOGANDHORSE: fuck u
(66:51 / All) bornintheUsA: can u quit please i need this win
(66:51 / All) iNT]DOGANDHORSE: fuck u
(66:53 / All) iNT]DOGANDHORSE: fuck u
(66:54 / All) iNT]DOGANDHORSE: fuck u
(66:55 / All) iNT]DOGANDHORSE: fuck u
(66:57 / All) iggy_the_fisk: all u do is mass fu
(67:03 / All) iNT]DOGANDHORSE: lemonguys.com
(67:07 / All) bornintheUsA: im praying 2 my god Jesus and Christ that he delivers me a win amen
(67:19 / All) redlights.: keep praying to invisible men
(67:22 / All) redlights.: that don't exist
(67:28 / All) bornintheUsA: fuck u
(67:37 / All) iNT]DOGANDHORSE: please
(67:40 / All) iNT]DOGANDHORSE: try to be a moral relativist
(67:42 / All) bornintheUsA: u know he beliefes in u...why dont u beliefe in him
(67:43 / All) iNT]DOGANDHORSE: his views are valid 2
(67:53 / All) bornintheUsA: with my dying breath
(67:55 / All) redlights.: great waste of time
(67:55 / All) iggy_the_fisk: athiest is the religion for people who just want to be rude lol....
(67:58 / All) redlights.: uninstall
(67:59 / All) iggy_the_fisk: ure the real loer
(68:01 / All) bornintheUsA: WTF!!!
(68:10 / All) bornintheUsA: thanks u god!!! he deliver my prayer!!~! i live forever
(68:19 / All) bornintheUsA: my lasty building!!! and im not deaD!!
(70:02 / All) iggy_the_fisk: this is what life is like
(70:05 / All) iggy_the_fisk: without Him to guide you
(70:15 / All) bornintheUsA: wtf
(70:15 / All) iNT]DOGANDHORSE: welcome to highperch.....
(70:16 / All) iggy_the_fisk: welcome to silverpine
(70:18 / All) bornintheUsA: he deliver me
(70:23 / All) bornintheUsA: this humble mountain Home
(70:47 / All) bornintheUsA: u 'RE all welcome to join me and pray to God JEsus Mary And Joseph
(72:15 / All) iNT]DOGANDHORSE: hey guys
(72:18 / All) iNT]DOGANDHORSE: we're gonna get thru this
(72:19 / All) iNT]DOGANDHORSE: "together"
(74:30 / All) iNT]DOGANDHORSE: careful././////
(77:55 / All) iNT]DOGANDHORSE: hahahahahahahaha
(77:56 / All) iNT]DOGANDHORSE: god hates u...
(78:23 / All) iNT]DOGANDHORSE: i claim this perch in name of Highperch Chur.ch of Tower Replays
(84:32 / All) iggy_the_fisk: hello
(86:16 / All) iggy_the_fisk: well now that we're not busy
(86:22 / All) iggy_the_fisk: where do you live???
(87:00 / All) iggy_the_fisk: come on I know you know how to chat
(87:03 / All) iggy_the_fisk: let's do it up
(87:43 / All) bornintheUsA: hello
(87:47 / All) bornintheUsA: de donde eres
(87:50 / All) bornintheUsA: ¿?
(88:06 / All) bornintheUsA: do u speaka english ?
(94:55 / All) bornintheUsA: DO u
(94:56 / All) bornintheUsA: speak
(94:57 / All) bornintheUsA: englis h?
(95:07 / All) Talquolein: No se?
(95:10 / All) iggy_the_fisk: you told us to leave before... would you like us to??
(95:21 / All) Talquolein: Yes.
(95:28 / All) Talquolein: That would be wonderful.
(95:32 / All) iggy_the_fisk: we could leave right now
(95:38 / All) iggy_the_fisk: this win could be yours within seconds
(95:40 / All) Talquolein: Kk. Ttfn
(95:55 / All) iggy_the_fisk: you don't have to siege our mountain or anything
(95:57 / All) iggy_the_fisk: Just an easy win
(96:14 / All) iggy_the_fisk: visit www.highper.ch/win right now to find out how
(96:29 / All) iggy_the_fisk: www.highper.ch/win we're not attacking you have all the time in the world
(96:36 / All) iggy_the_fisk: direct that browser to www.highper.ch/win
(97:07 / All) Talquolein: You're telling me to go look up a webpage to find out how to win?
(97:22 / All) Sid(TB): please leave? :P
(97:28 / All) iggy_the_fisk: www.highper.ch/win
(97:30 / All) iggy_the_fisk: we'll leave
(98:22 / All) Talquolein: That's the best thing I've ever heard. You guys are truly awesome.
(101:56 / All) iggy_the_fisk: it doesn't have to be this way
(102:09 / All) iggy_the_fisk: www.highper.ch/win
(105:38 / All) iNT]DOGANDHORSE: oh cool
(105:44 / All) bornintheUsA: FUCK WHAT DO WE DO NOW
(105:49 / All) bornintheUsA: OIVE RNEVER RUN INTO THIS SITUATIOIN BEFORE
(105:50 / All) iNT]DOGANDHORSE: do u guys have website
(105:53 / All) iNT]DOGANDHORSE: where we can pay you
(106:42 / All) iggy_the_fisk: who now can stand against the woods of silverpine and the union of the two mountains
(107:01 / All) iNT]DOGANDHORSE: is like highperch???? on earht not mars
(111:37 / All) bornintheUsA: is this what U may or may not call. a stale mate
(112:57 / All) iggy_the_fisk: if you could talk to yourself from 30 minutes ago
(113:03 / All) iggy_the_fisk: is there something you'd want to say?
(115:37 / All) iNT]DOGANDHORSE: my o my....
(115:51 / All) iggy_the_fisk: table->>> |___|
(116:12 / All) iggy_the_fisk: another table ---> |__|
(116:30 / Allies) iNT]DOGANDHORSE: H
(116:34 / All) iNT]DOGANDHORSE: howd u get up there
(137:40 / All) iggy_the_fisk: gg
(137:45 / All) iggy_the_fisk: www.highper.ch thanks